 Dungeon Crawl Stone Soup version 0.30.0-5-g1a98f26d00 (webtiles) character file.

Game seed: 17280690235654110094

186 sampeng1 the Insei (level 5, -1/39 HPs)
             Began as a Human Transmuter on May 10, 2023.
             Slain by an orc wizard
             ... wielding a +0 dagger
              (3 damage)
             ... on level 4 of the Dungeon.
             The game lasted 00:17:07 (3697 turns).

sampeng1 the Insei (Human Transmuter)               Turns: 3697, Time: 00:17:08

Health: -1/39      AC:  2    Str: 13    XL:     5   Next: 97%
Magic:  7/9        EV: 12    Int: 13    God:
Gold:   140        SH:  0    Dex: 13    Spells: 6/9 levels left

rFire   + .          .
                       - Unarmed
rCold   x . .        (no shield)
rNeg    . . .        a - +0 robe
rPois   .            (helmet currently unavailable)
rElec   .            (no cloak)
rCorr   .            (no gloves)
SInv    .            (boots currently unavailable)
Will    .....        (no amulet)
Stlth   +            e - ring of fire
HPRegen 0.26/turn    (no ring)
MPRegen 0.11/turn

%: no passive effects
@: appendages (expiring), wereblooded
A: horns 2, talons 2
a: End Transformation


You were on level 4 of the Dungeon.
You had temporarily grown beastly horns and talons.
You visited 1 branch of the dungeon, and saw 4 of its levels.

You collected 168 gold pieces.
You spent 28 gold pieces at shops.

Inventory:

Hand Weapons
 h - a +3 sling of flaming
Missiles
 i - 4 curare-tipped darts (quivered)
 o - 28 stones
Armour
 a - a +0 robe (worn)
Jewellery
 e - a ring of fire (left hand)
Wands
 j - a wand of quicksilver (5)
 r - a wand of roots (11)
Scrolls
 d - a scroll of fear
 k - 3 scrolls of teleportation
 n - 3 scrolls of fog
 q - a scroll of acquirement {unknown}
Potions
 b - 2 potions of lignification
 c - 2 potions of attraction
 f - 3 potions of haste
 g - 4 potions of flight
 l - 2 potions of might
 m - a potion of ambrosia {unknown}
 p - 3 potions of degeneration {unknown}
 s - a potion of heal wounds {unknown}


   Skills:
 + Level 2.4 Fighting
 + Level 3.0 Dodging
 + Level 3.8 Unarmed Combat
 + Level 2.8 Spellcasting
 + Level 3.0 Transmutations


You had 6 spell levels left.
You knew the following spells:

 Your Spells              Type           Power      Damage    Failure   Level
a - Beastly Appendage     Tmut           18%        N/A       7%          1
b - Wereblood             Tmut           9%         N/A       10%         2

Your spell library contained the following spells:

 Spells                   Type           Power      Damage    Failure   Level
 Spider Form              Tmut/Pois      5%         N/A       36%         3
 Ice Form                 Ice/Tmut       5%         N/A       77%         4


Dungeon Overview and Level Annotations

Branches:
Dungeon (4/15)
 Temple: D:4-7

Altars:
Hepliaklqana
Yredelemnul

Shops:
D:1 [   D:3 *


Innate Abilities, Weirdness & Mutations

You have temporarily grown beastly horns and talons.


Message History

Things that are here:
a +0 flail; 8 gold pieces; an orc corpse You hit the orc but do no damage.
You headbutt the orc, but do no damage.
The orc is lightly wounded.
Something hits you. The orc hits you but does no damage.
Your magical contamination has completely faded away.
You hit the orc but do no damage. Your kick misses the orc.
You headbutt the orc.
You kill the orc!
Something barely misses you.
You closely miss something. Your kick misses something. Something hits you.
You barely miss something. Your kick misses something. Something hits you.
* * * LOW HITPOINT WARNING * * *
You hit something. You claw something. Something hits you but does no damage.
You closely miss something. Your kick misses something.
Your transformation is almost over.
You hear some strange, mumbled words.
A magic dart appears from out of thin air!
The magic dart hits you.
* * * LOW HITPOINT WARNING * * *
You hit something. Your kick misses something. Your headbutt misses something.
You hear some strange, mumbled words.
Something tries to affect you, but you resist.
You closely miss something. Something hits you but does no damage.
You miss something. Your kick misses something. Your headbutt misses something.
Something hits you but does no damage.
You barely miss something. Your kick misses something. Something hits you.
* * * LOW HITPOINT WARNING * * *
You closely miss something. Your kick misses something.
Something hits you but does no damage.
You closely miss something. Your kick misses something. Something hits you.
* * * LOW HITPOINT WARNING * * *
Casting: Beastly Appendage (safe; 7% risk of failure)
Confirm with . or Enter, or press ? or * to list all spells.
Your blood is infused with primal strength.
Something hits you.
* * * LOW HITPOINT WARNING * * *
You hit something but do no damage. Your kick misses something.
Something hits you.
You die...

#.. #.. ... #. #.# #. #.# ####.
#.# ## .....##)# .. #.###.{@#
.. ####. #.##...###....
....##.##..........
#.....##...###....
#.....##..........
#.....##.....#.#.# ###
#............# #. #..
..###....###.....#.#. #######..
..........>.......#.###....##..


There were no monsters in sight!

Vanquished Creatures
  A hound (D:3)
  An iguana (D:4)
  A hound zombie (D:3)
  4 adders
  An adder zombie (D:3)
  3 worms
  3 orcs (D:4)
  4 bats
  9 endoplasms
  8 goblins
  6 hobgoblins
  2 jackals (D:1)
  A quokka (D:3)
  7 ball pythons
  4 frilled lizards
  3 kobolds
  6 rats
64 creatures vanquished.

Notes
Turn   | Place    | Note
-------+----------+-------------------------------------------
     0 | D:1      | sampeng1 the Human Transmuter began the quest for the Orb.
     0 | D:1      | Reached XP level 1. HP: 15/15 MP: 3/3
   259 | D:1      | Found Xyseokh's Antique Armour Emporium.
   339 | D:1      | Reached XP level 2. HP: 21/21 MP: 5/5
   892 | D:2      | Reached XP level 3. HP: 7/26 MP: 6/6
  1932 | D:2      | Reached XP level 4. HP: 31/33 MP: 7/7
  2199 | D:3      | Found a hazy altar of Hepliaklqana.
  2200 | D:3      | Found Redeja's General Store.
  2238 | D:3      | Bought a scroll of identify for 28 gold pieces
  2443 | D:3      | Reached XP level 5. HP: 17/38 MP: 6/8
  2607 | D:3      | Found a basalt altar of Yredelemnul.
  2688 | D:3      | Found a faded altar of an unknown god.
  3267 | D:4      | Learned a level 2 spell: Wereblood
  3697 | D:4      | Slain by an orc wizard

Illustrated notes

Levels and vault maps discovered:
D:1:      lightli_arrival_isolated_outpost, layout_loops_ring, serial_shops,
          nicolae_shop_statue_plus
D:2:      layout_basic, serial_glass, glass_columns_b, glass_columns_a,
          hangedman_decor_diamond_cutter
D:3:      layout_basic, nicolae_hepliaklqana_hazy_memory,
          lemuel_zombie_altar_yredelemnul, serial_shops, shop,
          chequers_ecumenical_altar_island, kennysheep_cross_room,
          kennysheep_generic_room_9
D:4:      layout_basic, uniq_duvessa

Skill      XL: |  1  2  3  4  5 |
---------------+----------------+-----
Fighting       | 2 |  2.4
Dodging        | 3 |  3.0
Transmutations | 3 |  3.0
Unarmed Combat | |  3.8
Spellcasting   | |  2.8

Action                     |  1- 3 |  4- 6 || total
---------------------------+-------+-------++-------
  Melee: Unarmed           |   109 |   145 ||   254
         Punch             |     5 |     2 ||     7
         Kick              |     1 |    11 ||    12
         Headbutt          |     1 |     9 ||    10
   Cast: Beastly Appendage |     3 |     6 ||     9
         Wereblood         |       |     2 ||     2
    Use: Scroll            |     2 |    11 ||    13
   Stab: Sleeping          |     2 |     1 ||     3
 Armour: Robe              |    22 |    17 ||    39
  Dodge: Dodged            |    65 |    64 ||   129
